AoeStats
← HailMaryy420

Nomad

510326779Analyzed
3v3 RM · 1d ago on Sep 30, 2026· 27m 43s· 6 players
Game mode
Random Map
Map size
210×210
Population
200
Speed
Normal
Resources
Standard
Victory
Conquest
Starting age
Dark Age
Ending age
Imperial Age
RankedLock teamsTeams togetherTeam positionsShared explorationLock speedFull tech treeHidden civsTurbo modeCheats
Victory
Defeat
🇸🇪 Turks · Sweden
656
+11
🇨🇦 Poles · Canada
517
+16
🇪🇸 Spanish · Spain
506
+17
🇳🇱 Britons · Netherlands
559
-16
🇬🇧 Franks · United Kingdom
522
-14
🇳🇱 Persians · Netherlands
504
-14
King0fKingsss
9:56 Loom
13:50 Feudal Age
17:36 Double-Bit Axe
22:39 Wheelbarrow
23:51 Stone Mining
Joshua
3:11 Loom
14:42 Feudal Age
16:26 Wheelbarrow
15:37 Town Watch
16:43 Double-Bit Axe
19:31 Gold Mining
19:34 Stone Mining
27:29 Castle Age
25:46 Forging
25:26 Fletching
25:42 Scale Barding Armor
bart_arend
3:49 Loom
14:54 Feudal Age
15:38 Fishing Lines
16:47 Wheelbarrow
16:03 Double-Bit Axe
23:57 Castle Age
25:00 Hand Cart
24:43 Gillnets
25:40 Medium Warships
HailMaryy420
2:58 Loom
18:18 Feudal Age
19:47 Man-at-Arms
21:15 Wheelbarrow
20:34 Stone Mining
20:44 Town Watch
20:56 Gold Mining
20:59 Horse Collar
21:45 Fishing Lines
22:13 Double-Bit Axe
29:26 Castle Age
Lunkan
15:03 Feudal Age
15:39 Horse Collar
15:47 Double-Bit Axe
18:55 Fletching
25:29 Castle Age
25:46 Scale Barding Armor
25:52 Forging
28:01 Wheelbarrow
27:12 Town Watch
27:49 Bodkin Arrow
28:15 Heavy Plow
zarter85
5:18 Loom
20:13 Feudal Age
20:44 Double-Bit Axe
20:44 Horse Collar
20:59 Gold Mining
20:44 Man-at-Arms
21:58 Arson
24:00 Wheelbarrow
23:25 Fishing Lines
24:46 Bloodlines
24:38 Stone Mining
26:27 Town Watch
Connection lost

Rejoining the realm…

Still unreachable

The connection could not be restored.

Session expired

The server has moved on; the page needs a fresh start.